 Dungeon Crawl Stone Soup version 0.30.1 (webtiles) character file.

Game seed: 8061839427473962244

2298 AgateBread the Zephyrmancer (level 9, -2/67 HPs)
             Began as a Tengu Air Elementalist on July 5, 2023.
             Slain by a phantom (5 damage)
             ... on level 6 of the Dungeon.
             The game lasted 00:30:42 (11743 turns).

AgateBread the Zephyrmancer (TeAE)                 Turns: 11743, Time: 00:30:43

Health: -2/67      AC: 28    Str: 10    XL:     9   Next: 40%
Magic:  0/22       EV:  2    Int: 19    God:
Gold:   350        SH:  0    Dex: 14    Spells: 15/25 levels left

rFire   . . .        A - staff of poison
rCold   . . .        (no shield)
rNeg    . . .        a - melded +0 robe
rPois   +            (helmet currently unavailable)
rElec   .            d - melded +0 cloak
rCorr   .            r - melded +0 pair of gloves
SInv    .            (boots unavailable)
Will    .....        (no amulet)
Stlth   ++           D - +4 ring of protection
HPRegen 0.31/turn    (no ring)
MPRegen 0.18/turn

%: no passive effects
@: tree-form, invisible
A: stationary, stasis, torment immunity, boosted hp, (beak), (talons 3), nimble
flight
a: no special abilities


You were on level 6 of the Dungeon.
You were a tree.
You visited 1 branch of the dungeon, and saw 7 of its levels.

You collected 350 gold pieces.

Inventory:

Hand Weapons
 c - a +0 short sword
 p - a +0 hand axe of electrocution
 w - a +0 falchion
 z - a +6 scimitar
Missiles
 l - 3 curare-tipped darts
 u - 16 poisoned darts
Armour
 a - a +0 robe (melded)
 d - a +0 cloak (melded)
 h - a +0 ring mail
 j - a +0 scale mail
 o - a +0 leather armour
 r - a +0 pair of gloves (melded)
Magical Staves
 e - a staff of cold
 x - the staff of conjuration "Roblogil" {rPois Will+ Dex+3}
   (You found it on level 4 of the Dungeon)

   [staff of conjuration]

   Base accuracy: +5 Base damage: 5 Base attack delay: 1.2 This weapon's minimum
   attack delay (0.6) is reached at skill level 12.
   Dex:       It affects your dexterity (+3).
   rPois:     It protects you from poison.
   Will:      It increases your willpower.
   It falls into the 'Staves' category.
   It is a one-handed weapon.
 A - a staff of poison (weapon)
Jewellery
 D - a +4 ring of protection (left branch)
Wands
 C - a wand of flame (8)
Scrolls
 f - a scroll of silence {unknown}
 k - 2 scrolls of teleportation {unknown}
 m - a scroll of fear {unknown}
 n - a scroll of poison {unknown}
 q - 2 scrolls of amnesia
 v - 2 scrolls of enchant armour
 y - a scroll of fog {unknown}
 B - a scroll of noise {unknown}
 E - a scroll of blinking {unknown}
Potions
 b - a potion of magic
 i - a potion of brilliance
 s - 2 potions of might
 t - a potion of attraction


   Skills:
 - Level 2.1 Dodging
 - Level 2.0 Stealth
 + Level 8.5 Spellcasting
 - Level 1.3 Conjurations
 + Level 4.8 Fire Magic
 - Level 10.0 Air Magic


You had 15 spell levels left.
You knew the following spells:

 Your Spells              Type           Power      Damage    Failure   Level
b - Airstrike             Air            23%        2d(4-20)  1%          4
c - Flame Wave            Conj/Fire      19%        2d7       24%         4
d - Scorch                Fire           52%        2d7       1%          2

Your spell library contained the following spells:

 Spells                   Type           Power      Damage    Failure   Level
 Shock                    Conj/Air       100%       1d9       1%          1
 Static Discharge         Conj/Air       58%        2-5/arc   1%          2
 Swiftness                Air            46%        N/A       1%          3
 Beastly Appendage        Tmut           16%        N/A       9%          1
 Ensorcelled Hibernation  Hex/Ice        16%        N/A       13%         2
 Wereblood                Tmut           8%         N/A       13%         2
 Spider Form              Tmut/Pois      12%        N/A       26%         3
 Anguish                  Hex/Necr       4%         N/A       65%         4
 Summon Cactus Giant      Summ           4%         N/A       100%        6


Dungeon Overview and Level Annotations

Branches:
Dungeon (7/15)
 Temple: D:4-7

Altars:
Cheibriados
Zin

Shops:
D:6 *


Innate Abilities, Weirdness & Mutations

You are a tree.
Your roots penetrate the ground, keeping you stationary.
You cannot be teleported.
You are immune to unholy pain and torment.
Your maximum health is greatly increased.
Your equipment is partially melded.
((You have a beak for a mouth.))
((You have claws for feet.))
Your magical nature lets you fly swiftly and evasively.


Message History

Your +0 robe melds into your body.
Your roots penetrate the ground.
You feel sick.
The killer bee stings you but does no damage.
The killer bee completely misses you.
The killer bee stings you but does no damage. x2
Aiming: Airstrike (dangerous; 1% risk of failure)
Press: ? - help, Q - select action, (/) - cycle Dir - move target, f - killer bee
Aim: a killer bee (moderately wounded, empty space bonus: 2/8)
The air twists around and strikes the killer bee.
The killer bee is moderately wounded.
You feel sick. The killer bee barely misses you. The killer bee stings you.
* * * LOW HITPOINT WARNING * * *
The killer bee stings you but does no damage. x2
Aiming: Airstrike (dangerous; 1% risk of failure)
Press: ? - help, Q - select action, (/) - cycle Dir - move target, f/p - killer bee
Aim: a killer bee (moderately wounded, empty space bonus: 2/8)
The air twists around and strikes the killer bee.
The killer bee is severely wounded.
You feel sick.
You are no longer poisoned.
The killer bee stings you but does no damage. x4
Aiming: Airstrike (dangerous; 1% risk of failure)
Press: ? - help, Q - select action, (/) - cycle Dir - move target, f/p - killer bee
Aim: a killer bee (severely wounded, empty space bonus: 2/8)
The air twists around and strikes the killer bee!
You kill the killer bee!
The phantom is no longer more vulnerable to fire.
The killer bee stings you.
* * * LOW HITPOINT WARNING * * *
The killer bee stings you.
* * * LOW HITPOINT WARNING * * *
Casting: Scorch (safe; 1% risk of failure)
Press: ? - help, Q - select action, (/) - cycle Dir - look around, f - activate Flames lash the killer bee.
The killer bee is burned terribly!
You kill the killer bee!
The phantom hits you but does no damage.
It was a potion of invisibility.
You fade into invisibility!
The phantom hits you.
You die...

# #..∩.._⌠#.##
#####.....###..#
...........#...#
.####..........#
.# #..........# ##
#..........# ###
#.........[#
..###..........###
....'.......<..W♣#
#.###..........#.#
..# ####.......#.#
..# #.......#.####
.## ######.......#
.# #.......# .#
#.......# .#
#.......# .#
#.......#


You could see a phantom (unable to see you).

Vanquished Creatures
  A water moccasin (D:6)
  A black bear (D:6)
  3 ice beasts (D:6)
  3 sky beasts
  2 centaurs
  A phantom (D:6)
  4 scorpions
  3 wights (D:6)
  4 killer bees
  An orc priest (D:3)
  3 hounds
  A jelly (D:5)
  A gnoll bouda (D:5)
  A sleepcap (D:4)
  5 iguanas
  2 orc wizards (D:4)
  Natasha (twice) (D:3)
  Robin (D:4)
  11 gnolls
  9 adders
  A white imp (D:6)
  2 worms
  2 dart slugs
  12 orcs
  6 bats
  7 endoplasms
  8 giant cockroaches
  18 goblins
  10 hobgoblins
  5 jackals
  10 kobolds
  5 quokkas
  8 ball pythons
  4 frilled lizards
  3 rats
160 creatures vanquished.

Notes
Turn   | Place    | Note
-------+----------+-------------------------------------------
     0 | D:1      | AgateBread the Tengu Air Elementalist began the quest for
                  | the Orb.
     0 | D:1      | Reached XP level 1. HP: 10/10 MP: 4/4
   353 | D:1      | Reached XP level 2. HP: 15/15 MP: 1/6
  1530 | D:1      | Reached XP level 3. HP: 18/19 MP: 5/7
  2184 | D:2      | Reached skill level 5 in Air Magic
  2538 | D:2      | Reached XP level 4. HP: 24/24 MP: 7/9
  4043 | D:3      | Reached skill level 6 in Air Magic
  4043 | D:3      | Gained mutation: Your magical nature lets you fly swiftly
                  | and evasively. [Tengu growth]
  4043 | D:3      | Reached XP level 5. HP: 28/28 MP: 3/11
  4896 | D:3      | Noticed Natasha
  4905 | D:3      | Killed Natasha
  5318 | D:3      | Noticed Natasha
  5327 | D:3      | Killed Natasha
  5328 | D:3      | Reached XP level 6. HP: 32/32 MP: 9/13
  5636 | D:4      | Reached skill level 7 in Air Magic
  6200 | D:4      | Found a snail-covered altar of Cheibriados.
  6678 | D:4      | Reached XP level 7. HP: 34/36 MP: 1/15
  7286 | D:4      | Identified the staff of conjuration "Roblogil" {rPois Will+
                  | Dex+3}
  7310 | D:4      | Noticed Robin
  7442 | D:4      | Killed Robin
  7443 | D:4      | Reached skill level 5 in Spellcasting
  7690 | D:4      | Reached skill level 8 in Air Magic
  8550 | D:5      | Entered Level 5 of the Dungeon
  9339 | D:5      | Reached skill level 9 in Air Magic
  9378 | D:5      | Reached XP level 8. HP: 41/41 MP: 10/17
 10107 | D:6      | Learned a level 4 spell: Airstrike
 10120 | D:6      | Reached skill level 10 in Air Magic
 10205 | D:6      | Found Zin's Purification Station.
 10205 | D:6      | Found a glowing silver altar of Zin.
 10462 | D:6      | Learned a level 4 spell: Flame Wave
 10556 | D:6      | Reached skill level 1 in Fire Magic
 10585 | D:6      | Reached XP level 9. HP: 45/45 MP: 1/21
 10925 | D:6      | Learned a level 2 spell: Scorch
 11741 | D:6      | HP: 3/67 [killer bee (5)]
 11743 | D:6      | Slain by a phantom

Illustrated notes

Levels and vault maps discovered:
D:1:      heliophobic_arrival_dark_side_of_the_moon, layout_basic,
          amethyst_killhole
D:2:      cheibrodos_old_hovel, layout_basic
D:3:      layout_loops_ring, uniq_natasha
D:4:      minmay_opposing_rooms, layout_layer_cave,
          mainiacjoe_overflow_concentric_impassable, uniq_robin
D:5:      layout_loops_ring, ebering_dispersal_statue_hall
D:6:      layout_basic, zin_purify
D:7:      minmay_spotlight, layout_rooms, mainiacjoe_overflow_alcove_4,
          minmay_temple_entry_junction

Skill      XL: |  1  2  3  4  5  6  7  8  9 |
---------------+----------------------------+-----
Air Magic      | 5 6 7 9 10 | 10.0
Spellcasting   | 3 4 5 7 8 |  8.5
Fire Magic     | 2 4 |  4.8
Dodging        | |  2.1
Stealth        | |  2.0
Conjurations   | |  1.3

Action                     |  1- 3 |  4- 6 |  7- 9 || total
---------------------------+-------+-------+-------++-------
  Melee: Short sword       |    19 |    20 |    19 ||    58
         Kick              |     5 |     4 |     3 ||    12
         Peck              |       |     5 |     5 ||    10
  Throw: Dart              |       |     7 |     7 ||    14
   Cast: Shock             |    61 |   148 |   114 ||   323
         Airstrike         |       |       |    33 ||    33
         Scorch            |       |       |    16 ||    16
  Evoke: Wand              |       |     2 |     8 ||    10
    Use: Potion            |     1 |     1 |     5 ||     7
         Scroll            |       |     1 |     8 ||     9
   Stab: Paralysed         |       |     4 |       ||     4
 Armour: Robe              |     4 |     3 |    29 ||    36
         Skin              |       |       |    10 ||    10
  Dodge: Dodged            |    16 |    27 |    68 ||   111
